 Dungeon Crawl Stone Soup version 0.30-a0-777-ga9a30cbeda (webtiles) character file.

Game seed: 1315765830095234008

51104 sanka the Brawler (level 14, 0/136 HPs)
             Began as a Troll Fighter on Feb 13, 2023.
             Was the Champion of Okawaru.
             Slain by a hell knight
             ... wielding a +3 glaive of flaming
              (12 damage)
             ... on level 1 of the Depths.
             The game lasted 00:33:41 (14142 turns).

sanka the Brawler (Troll Fighter)                  Turns: 14142, Time: 00:33:41

Health: 0/136      AC: 20    Str: 25    XL:     14   Next: 22%
Magic:  19/20      EV: 20    Int:  4    God:    Okawaru [******]
Gold:   1070       SH: 13    Dex: 13    Spells: 13/13 levels left

rFire   . . .      SeeInvis .      - Unarmed
rCold   . . .      Faith    .    O - +2 kite shield
rNeg    + . .      Spirit   .    W - +2 pearl dragon scales
rPois   +          Reflect  .    (helmet restricted)
rElec   .          Harm     .    R - +1 cloak "Cuk Kaj" {rPois Regen+ rCorr Str-2}
rCorr   +          Rampage  .    (gloves unavailable)
Will    +....                    (boots unavailable)
Stlth   +                        o - amulet of the acrobat
HPRegen 2.02/turn                J - +5 ring of evasion
MPRegen 0.17/turn                T - +5 ring of evasion

@: heroic
A: large, unfitting armour, claws 3, regeneration 1, shaggy fur 1, tough skin 1
a: Renounce Religion, Heroism, Finesse, Duel


You were on level 1 of the Depths.
You worshipped Okawaru.
Okawaru was exalted by your worship.
You visited 3 branches of the dungeon, and saw 17 of its levels.
You also visited: Gauntlet.

You collected 1070 gold pieces.


Innate Abilities, Weirdness & Mutations

You are too large for most types of armour.
You have claws for hands.
Your natural rate of healing is unusually fast.
You are covered in fur. (AC +1)
You have tough skin. (AC +1)


   Skills:
 - Level 8.0(13.0) Fighting
 - Level 5.0(10.0) Armour
 - Level 5.0(10.0) Dodging
 - Level 5.0(10.0) Shields
 + Level 18.7(23.7) Unarmed Combat
 - Level 10.0 Invocations


You had 13 spell levels left.
You didn't know any spells.
Your spell library contained the following spells:

 Spells                   Type           Power      Damage    Failure   Level
 Apportation              Tloc           0%         N/A       94%         1
 Kiss of Death            Conj/Necr      0%         2d5       94%         1
 Magic Dart               Conj           0%         1d3       94%         1
 Cigotuvi's Dreadful Rot  Necr/Pois/Air  0%         N/A       98%         2
 Lesser Beckoning         Tloc           0%         N/A       98%         2
 Searing Ray              Conj           0%         2d4       98%         2
 Static Discharge         Conj/Air       0%         2-2/arc   98%         2
 Confusing Touch          Hex            0%         N/A       100%        3
 Gell's Gravitas          Tloc           0%         N/A       100%        3
 Ignite Poison            Fire/Tmut/Pois 0%         N/A       100%        3
 Kindle Blastsparks       Fire/Tloc/Air  0%         2d10      100%        3
 Mephitic Cloud           Conj/Pois/Air  0%         N/A       100%        3
 Spider Form              Tmut/Pois      0%         N/A       100%        3
 Teleport Other           Tloc           0%         N/A       100%        3
 Vhi's Electric Charge    Tloc/Air       0%         N/A       100%        3
 Dispel Undead            Necr           0%         3d6       100%        4
 Leda's Liquefaction      Hex/Erth       0%         N/A       100%        4
 Alistair's Intoxication  Tmut/Pois      0%         N/A       100%        5
 Arcjolt                  Conj/Air       0%         1d10      100%        5
 Freezing Cloud           Conj/Ice/Air   0%         6-21      100%        5
 Lee's Rapid Deconstruct  Erth           0%         3d4*      100%        5
 Lightning Bolt           Conj/Air       0%         1d11      100%        5
 Eringya's Noxious Bog    Tmut/Pois      0%         N/A       100%        6
 Statue Form              Tmut/Erth      0%         N/A       100%        6
 Orb of Destruction       Conj           0%         9d5       100%        7
 Call Imp                 Summ           Unusable   N/A       N/A         2
 Summon Guardian Golem    Hex/Summ       Unusable   N/A       N/A         3
 Death Channel            Necr           Unusable   N/A       N/A         6
 Spellforged Servitor     Conj/Summ      Unusable   N/A       N/A         7

Inventory:

Hand Weapons
 b - a +6 scimitar of flaming
 U - the +7 rapier of Flawed Execution {heavy, rElec rC+} rC: It protects you from cold. rElec: It insulates you from electricity.
Missiles
 L - a curare-tipped dart {=f}
 N - 12 large rocks {=f}
 P - 5 javelins
 V - 3 silver javelins
Armour
 O - a +2 kite shield (worn)
 R - the +1 cloak "Cuk Kaj" (worn) {rPois Regen+ rCorr Str-2}

   Str:       It affects your strength (-2).
   rPois:     It protects you from poison.
   Regen:     It increases your rate of health regeneration.
   rCorr:     It protects you from acid and corrosion.
 W - +2 pearl dragon scales (worn)
Jewellery
 o - an amulet of the acrobat (around neck)
 A - a ring of willpower
 J - a +5 ring of evasion (left claw)
 M - a ring of ice
 T - a +5 ring of evasion (right claw)
Wands
 a - a wand of mindburst (6)
 j - a wand of light (5)
 p - a wand of flame (23)
 q - a wand of roots (19)
 t - a wand of polymorph (15)
 y - a wand of digging (4)
 Y - a wand of paralysis (2)
Scrolls
 d - a scroll of magic mapping
 g - 2 scrolls of fog
 h - 3 scrolls of poison {!r}
 i - 3 scrolls of blinking
 n - 3 scrolls of immolation {!r}
 r - 8 scrolls of teleportation {@r4}
 s - 3 scrolls of fear
 u - a scroll of silence {unknown}
 z - a scroll of brand weapon {unknown}
 I - 2 scrolls of enchant armour
 Q - a scroll of noise {unknown}
Potions
 c - 6 potions of might
 e - 4 potions of haste {unknown}
 f - 2 potions of brilliance {unknown}
 l - a potion of resistance {unknown}
 m - 2 potions of heal wounds {@q2}
 v - 2 potions of attraction {unknown}
 w - 6 potions of mutation {!q}
 C - a potion of berserk rage {unknown}
 D - 2 potions of lignification {unknown}
 E - a potion of flight {unknown}
 F - a potion of cancellation {unknown}
 G - 2 potions of curing {unknown}
 H - a potion of invisibility {unknown}
 X - 2 potions of degeneration {unknown}
Miscellaneous
 K - a condenser vane
 S - a piece from Xom's chessboard (15/15)

Dungeon Overview and Level Annotations

Branches:
Dungeon (15/15)            Temple (1/1) D:4            Lair (0/5) D:10
    Orc (0/2) D:10         Vaults (0/5) D:13         Depths (1/4) D:15
Gauntlet (visited)

Altars:
Ashenzari
Cheibriados
Dithmenos
Elyvilon
Fedhas
Gozag
Hepliaklqana
Kikubaaqudgha
Makhleb
Nemelex Xobeh
Okawaru
Qazlal
Ru
Sif Muna
Trog
Uskayaw
Vehumet
Wu Jian
Xom
Yredelemnul
Zin
The Shining One

Shops:
D:14 ?

Portals:
Trove: D:14 (give 6 potions of haste)

Annotations:
D:10 exclusion: 2 downstairs

▒▒▒ ▒▒▒ ▒▒▒▒▒▒▒.▒
▒▒▒▒▒▒.▒▒
▒<..▒▒..▒▒▒.)▒p...▒
▒........▒...Tp...▒
▒..........▒.▒▒(.▒▒
▒▒..........▒▒▒..▒▒
▒.▒.........▒▒....▒▒ .
▒..▒................▒ ...
▒.....▒.....~~...>.▒▒....
▒▒..........~~...p.......
▒▒▒.....▒.>~~~..........
.▒▒▒▒▒▒.........D..D.


You could see 2 hell knights.


Message History

You kill the hell knight!
Okawaru accepts your kill. You block the hell knight's attack.
The hell knight completely misses you. You block the hell knight's attack.
You eviscerate the fire dragon!!!
The fire dragon is heavily wounded.
You hear a shout!
The fire dragon breathes flames at you. The blast of flame hits you!!!
* * * LOW HITPOINT WARNING * * *
You block the hell knight's attack.
You scratch the fire dragon but do no damage.
The fire dragon is heavily wounded.
You block the hell knight's attack. The fire dragon closely misses you.
You block the fire dragon's attack.
The fire dragon tramples you but does no damage.
You eviscerate the fire dragon!!!
The fire dragon is almost dead.
You hear a shout!
The hell knight hits you with a +3 glaive of flaming!!
* * * LOW HITPOINT WARNING * * *
The hell knight burns you!
* * * LOW HITPOINT WARNING * * *
You eviscerate the fire dragon!!!
You kill the fire dragon!
Okawaru accepts your kill.
The hell knight hits you with a +3 glaive of flaming!
You die...

Action                     |  1- 3 |  4- 6 |  7- 9 | 10-12 | 13-15 || total
---------------------------+-------+-------+-------+-------+-------++-------
  Melee: Unarmed           |   121 |    99 |   265 |   661 |   373 ||  1519
         Scimitar          |       |       |       |       |     8 ||     8
 Invoke: Heroism           |       |       |     1 |    14 |     7 ||    22
         Finesse           |       |       |       |     1 |       ||     1
  Evoke: Wand              |       |       |       |     3 |       ||     3
         Condenser vane    |       |       |       |     1 |       ||     1
    Use: Potion            |       |     1 |       |       |       ||     1
         Scroll            |       |       |       |    11 |     3 ||    14
   Stab: Sleeping          |     1 |     1 |     5 |     1 |       ||     8
         Distracted        |       |       |     1 |       |       ||     1
         Confused          |       |       |       |     3 |       ||     3
 Armour: Robe              |    38 |    19 |    33 |    69 |       ||   159
         Pearl dragon scal |       |       |       |    68 |    93 ||   161
  Dodge: Dodged            |    32 |    30 |   106 |   418 |   236 ||   822
  Block: Kite shield       |    47 |    41 |   109 |   379 |   195 ||   771

Levels and vault maps discovered:
D:1:      psy_arrival_fountain, layout_basic, hex_intersection, feat_on_display
D:2:      layout_basic
D:3:      layout_basic, uniq_ijyb
D:4:      minmay_spotlight, layout_basic, minmay_temple_entry_nine_rooms,
          uniq_duvessa
D:5:      layout_loops_cross, hangedman_decor_diamond_cutter, uniq_sigmund
D:6:      layout_rooms, minmay_holes, uniq_grinder
D:7:      cheibrodos_iron_armory, layout_basic, nicolae_qazlal_eye_of_the_storm,
          serial_demonic, serial_demonic_g, serial_demonic_f, serial_demonic_b,
          serial_demonic_c
D:8:      layout_basic, serial_ice, serial_ice_d, serial_ice_n, serial_ice_k,
          serial_ice_a, serial_ice_m, serial_ice_h, serial_ice_b, serial_ice_e,
          serial_ice_c, serial_ice_o
D:9:      layout_big_octagon, serial_column_ruins, column_ruins_hut,
          column_ruins_hut, column_ruins_corridor_straight,
          column_ruins_corridor_straight, column_ruins_columns_corner,
          column_ruins_open_tiny
D:10:     layout_cave_pools, due_lair_maze_entry_diamond, david_orc_5,
          st_stairs_1, uniq_grum
D:11:     layout_roguey, serial_bayou, serial_bayou_pond_a, serial_bayou_pond_e,
          serial_bayou_shore_b, serial_bayou_pond_e,
          nemelex_xobeh_ov_fountains_minmay, uniq_maurice
D:12:     layout_roguey [special_room_orc], gauntlet_entry_generic,
          evilmike_butchery, uniq_kirke
D:13:     layout_small_grid, david_vaults_3
D:14:     layout_layer_cave, serial_shops, nicolae_shop_waterfront,
          enter_trove_0, minmay_misc_feat_secret_circle, slow_altar_1,
          uniq_roxanne
D:15:     gammafunk_depths_entry_grave, layout_irregular_city,
          nicolae_cairo_tiling_large, ebering_dispersal_statue_hall,
          serial_bayou_pond_b
Temple:   grunt_wide_crystal_templ
Depths:1: layout_cave_pools, grunt_metal_band, grunt_pan_entry_sceptre,
          kennysheep_path_1, minmay_fractal_squares_diagonal_5

Notes
Turn   | Place    | Note
-------+----------+-------------------------------------------
     0 | D:1      | sanka the Troll Fighter began the quest for the Orb.
     0 | D:1      | Reached XP level 1. HP: 22/22 MP: 0/0
   160 | D:1      | Reached skill level 3 in Fighting
   160 | D:1      | Reached XP level 2. HP: 31/31 MP: 1/1
   541 | D:1      | Reached XP level 3. HP: 37/37 MP: 2/2
   664 | D:2      | Reached skill level 3 in Unarmed Combat
  1169 | D:2      | Identified the +0 robe "Sirreg" {Int+2 Dex+5}
  1498 | D:3      | Reached XP level 4. HP: 45/45 MP: 3/3
  1656 | D:3      | Reached skill level 4 in Unarmed Combat
  1817 | D:3      | Noticed Ijyb
  1827 | D:3      | Killed Ijyb
  2135 | D:4      | Noticed a scorpion
  2143 | D:4      | Killed a scorpion
  2144 | D:4      | Reached skill level 5 in Unarmed Combat
  2144 | D:4      | Reached XP level 5. HP: 48/53 MP: 4/4
  2173 | D:4      | Noticed Dowan
  2194 | D:4      | Noticed Duvessa
  2213 | D:4      | HP: 3/53 [Duvessa/+2 short sword of venom (6)]
  2215 | D:4      | Killed Duvessa
  2216 | D:4      | Reached skill level 6 in Unarmed Combat
  2216 | D:4      | Reached XP level 6. HP: 22/61 MP: 5/5
  2262 | D:4      | Killed Dowan
  2347 | D:4      | Found a staircase to the Ecumenical Temple.
  2364 | Temple   | Entered the Ecumenical Temple
  2425 | Temple   | Became a worshipper of Warmaster Okawaru
  2517 | D:4      | Reached skill level 7 in Unarmed Combat
  2517 | D:4      | Reached XP level 7. HP: 67/67 MP: 6/6
  2570 | D:4      | Reached skill level 8 in Unarmed Combat
  2937 | D:5      | Entered Level 5 of the Dungeon
  2973 | D:5      | Reached * piety under Okawaru
  3049 | D:5      | Noticed Sigmund
  3067 | D:5      | Killed Sigmund
  3068 | D:5      | Reached skill level 9 in Unarmed Combat
  3175 | D:5      | Reached XP level 8. HP: 75/75 MP: 7/7
  3361 | D:5      | Reached skill level 10 in Unarmed Combat
  3407 | D:5      | Reached ** piety under Okawaru
  3609 | D:6      | Reached skill level 4 in Fighting
  3653 | D:6      | Identified the +5 dagger of the Five Artisans {flame, Drain
                  | Fly Dex+4}
  3677 | D:6      | Noticed Grinder
  3685 | D:6      | Paralysed by Grinder for 2 turns
  3693 | D:6      | Killed Grinder
  3694 | D:6      | Reached skill level 5 in Fighting
  4015 | D:7      | Reached skill level 1 in Invocations
  4017 | D:7      | Reached XP level 9. HP: 66/89 MP: 8/8
  4310 | D:7      | Reached skill level 6 in Fighting
  4324 | D:7      | Got the Quarto of Viperous Battling
  4333 | D:7      | Reached skill level 2 in Invocations
  4503 | D:7      | Found a stormy altar of Qazlal.
  4533 | D:7      | Reached skill level 3 in Invocations
  4635 | D:7      | Reached *** piety under Okawaru
  4904 | D:8      | Found the +0 toga "Victory" {*Victory Clar}
  5064 | D:7      | Reached skill level 4 in Invocations
  5126 | D:7      | Reached skill level 7 in Fighting
  5156 | D:7      | Killed an unseen horror
  5259 | D:8      | Noticed a polar bear
  5264 | D:8      | Reached skill level 5 in Invocations
  5271 | D:8      | Reached **** piety under Okawaru
  5281 | D:8      | Reached skill level 8 in Fighting
  5372 | D:8      | Reached XP level 10. HP: 101/104 MP: 12/12
  5393 | D:8      | Reached skill level 3 in Shields
  5415 | D:8      | Reached skill level 3 in Dodging
  5653 | D:8      | Reached skill level 4 in Shields
  6275 | D:7      | Noticed a rust devil
  6275 | D:7      | Noticed a rust devil
  6286 | D:8      | Reached skill level 4 in Dodging
  6289 | D:8      | Killed a rust devil
  6289 | D:8      | Received a gift from Okawaru
  6301 | D:8      | Reached skill level 5 in Shields
  6314 | D:8      | Killed a rust devil
  6315 | D:8      | Reached skill level 5 in Dodging
  6488 | D:9      | Reached ***** piety under Okawaru
  6756 | D:9      | Reached skill level 11 in Unarmed Combat
  7090 | D:10     | Entered Level 10 of the Dungeon
  7136 | D:10     | Noticed Grum
  7147 | D:10     | Killed Grum
  7193 | D:10     | Found a staircase to the Orcish Mines.
  7202 | D:10     | Reached XP level 11. HP: 101/111 MP: 13/13
  7343 | D:10     | Reached skill level 12 in Unarmed Combat
  7398 | D:10     | Found a staircase to the Lair.
  7422 | D:10     | HP: 11/111 [poisoned by a gnoll sergeant]
  7428 | D:10     | HP: 11/111 [poisoned by a gnoll sergeant]
  7963 | D:11     | Identified the +1 robe "Sifoor" {rPois Int+2} (Okawaru
                  | gifted it to you on level 11 of the Dungeon)
  7963 | D:11     | Received a gift from Okawaru
  8082 | D:11     | Noticed Maurice
  8097 | D:11     | Killed Maurice
  8110 | D:11     | Reached skill level 13 in Unarmed Combat
  8187 | D:11     | Found a sparkling altar of Nemelex Xobeh.
  8801 | D:12     | Noticed a brown ugly thing
  8809 | D:12     | Killed a brown ugly thing
  8829 | D:12     | Noticed a two-headed ogre
  8836 | D:12     | Killed a two-headed ogre
  8877 | D:12     | Found a gate leading to a gauntlet.
  8907 | D:12     | Noticed a two-headed ogre
  8930 | D:12     | Killed a two-headed ogre
  8931 | D:12     | Reached skill level 14 in Unarmed Combat
  8936 | Gauntlet | Entered a Gauntlet
  8936 | Gauntlet | Found a transporter.
  8950 | Gauntlet | Found a transporter.
  8965 | Gauntlet | Found a transporter.
  8970 | Gauntlet | Found a transporter.
  8985 | Gauntlet | Found a transporter.
  9004 | Gauntlet | Found a transporter.
  9006 | Gauntlet | Noticed a dire elephant
  9016 | Gauntlet | Found a transporter.
  9018 | Gauntlet | Noticed a hell beast
  9022 | Gauntlet | Found a transporter.
  9024 | Gauntlet | Found a transporter.
  9039 | Gauntlet | Noticed a death yak
  9041 | Gauntlet | Found a transporter.
  9042 | Gauntlet | Noticed a death yak
  9043 | Gauntlet | Noticed a death yak
  9043 | Gauntlet | Noticed a death yak
  9053 | Gauntlet | Found a transporter.
  9053 | Gauntlet | Noticed a large abomination
  9057 | Gauntlet | Noticed a large abomination
  9058 | Gauntlet | Noticed a large abomination
  9059 | Gauntlet | Found a transporter.
  9059 | Gauntlet | Found a transporter.
  9061 | Gauntlet | Found a transporter.
  9078 | Gauntlet | Found a transporter.
  9095 | Gauntlet | Found a transporter.
  9114 | Gauntlet | Found a transporter.
  9114 | Gauntlet | Noticed a sixfirhy
  9140 | Gauntlet | Found a transporter.
  9179 | Gauntlet | Noticed a catoblepas
  9369 | Gauntlet | Identified +0 steam dragon scales
  9405 | Gauntlet | Killed a catoblepas
  9416 | Gauntlet | Identified the amulet of Kaewualo {Reflect *Slow rElec rN+
                  | Str+3 SH+5}
  9443 | Gauntlet | Killed a dire elephant
  9451 | Gauntlet | Reached skill level 6 in Invocations
  9460 | Gauntlet | Identified the +1 cloak "Cuk Kaj" {rPois Regen+ rCorr
                  | Str-2}
  9487 | Gauntlet | Identified the +7 rapier of Flawed Execution {heavy, rElec
                  | rC+}
  9487 | Gauntlet | Identified +2 pearl dragon scales
  9487 | Gauntlet | Noticed a minotaur
  9493 | Gauntlet | Killed a minotaur
  9494 | Gauntlet | Reached XP level 12. HP: 94/119 MP: 13/15
  9670 | D:12     | Noticed Kirke
  9694 | D:12     | Killed Kirke
  9695 | D:12     | Reached skill level 1 in Armour
  9767 | D:12     | Reached skill level 2 in Armour
  9767 | D:12     | Reached skill level 15 in Unarmed Combat
  9921 | D:12     | Identified the +2 hand axe of Shouting Certain Death
                  | {flame, rCorr Str+2 Int+3}
 10060 | D:12     | Reached skill level 7 in Invocations
 10328 | D:12     | Identified the +1 ring mail "Gemawnitt" {Str+4}
 10331 | D:13     | Noticed Nessos
 10331 | D:13     | Noticed Rupert
 10331 | D:13     | Found a gate to the Vaults.
 10443 | D:13     | Reached skill level 3 in Armour
 10453 | D:13     | Noticed a centaur warrior
 10476 | D:13     | Killed a centaur warrior
 10480 | D:13     | Killed Nessos
 10506 | D:13     | Reached skill level 4 in Armour
 10573 | D:13     | Reached skill level 8 in Invocations
 10581 | D:13     | Paralysed by Rupert for 2 turns
 10606 | D:13     | Killed Rupert
 10674 | D:13     | Reached skill level 5 in Armour
 10685 | D:13     | Reached skill level 9 in Invocations
 10810 | D:13     | Reached XP level 13. HP: 127/127 MP: 19/19
 10832 | D:13     | Identified the +5 hand crossbow "Afuggeg" {penet, rElec
                  | Str+2} (Okawaru gifted it to you on level 13 of the
                  | Dungeon)
 10832 | D:13     | Received a gift from Okawaru
 11120 | D:13     | Reached skill level 10 in Invocations
 11331 | D:13     | Reached ****** piety under Okawaru
 11472 | D:14     | Found a portal to a secret trove of treasure.
 11705 | D:14     | Found a snail-covered altar of Cheibriados.
 11792 | D:14     | Noticed Roxanne
 11855 | D:14     | Found Wighogh's Magic Scroll Shoppe.
 11874 | D:14     | Reached skill level 16 in Unarmed Combat
 12734 | D:14     | Killed Roxanne
 12793 | D:15     | Entered Level 15 of the Dungeon
 12953 | D:15     | Found a staircase to the Depths.
 13023 | D:15     | Reached skill level 17 in Unarmed Combat
 13343 | D:15     | Received a gift from Okawaru
 13487 | D:15     | Paralysed by something for 2 turns
 13598 | D:15     | Reached skill level 18 in Unarmed Combat
 13661 | D:15     | Reached XP level 14. HP: 102/136 MP: 20/20
 13958 | Depths:1 | Entered Level 1 of the Depths
 14141 | Depths:1 | HP: 11/136 [hell knight/+3 glaive of flaming (9)]
 14142 | Depths:1 | Slain by a hell knight

Vanquished Creatures
  Rupert (D:13)
  Kirke (D:12)
  Roxanne (D:14)
  Nessos (D:13)
  A juggernaut skeleton (D:15)
  A minotaur (Gauntlet)
  A dire elephant (Gauntlet)
  A fire dragon (Depths:1)
  2 jiangshi
  A rakshasa (D:13)
  A hydra (D:15)
  A catoblepas (Gauntlet)
  An ogre mage (D:15)
  5 centaur warriors
  2 two-headed ogres (D:12)
  A death knight (D:14)
  A hell knight (Depths:1)
  A golden dragon zombie (D:15)
  A flayed ghost (D:15)
  2 skeletal warriors (D:15)
  A spark wasp zombie (D:15)
  A glowing orange brain (Depths:1)
  A necromancer (D:15)
  2 orc knights
  3 deep elf pyromancers
  3 cyclopes
  10 ugly things
  A moth of wrath (shapeshifter) (D:15)
  Maurice (D:11)
  An elephant (Gauntlet)
  A guardian serpent (shapeshifter) (D:15)
  A manticore (D:12)
  2 rust devils (D:8)
  3 gargoyles
  An unseen horror (D:7)
  A komodo dragon (D:10)
  An efreet (D:13)
  2 freezing wraiths
  A tengu conjurer (D:15)
  5 trolls
  3 meliai (D:14)
  Grinder (D:6)
  2 polar bears (D:8)
  A raiju (Gauntlet)
  Sigmund (D:5)
  17 slime creatures
  A culicivora (shapeshifter) (D:13)
  6 wraiths
  7 yaks
  A vampire (D:13)
  3 wyverns
  Grum (D:10)
  A shadow (D:12)
  3 steam dragons
  19 humans
  16 vampire mosquitoes
  2 water moccasins
  2 acid dragons
  A human skeleton (D:15)
  Duvessa (D:4)
  13 orc warriors
  3 ice beasts (D:8)
  5 black bears
  3 sky beasts
  2 ogres
  10 centaurs
  6 wolves
  A phantom (D:5)
  3 kobold brigands
  11 bullfrogs
  2 gnoll sergeants
  4 scorpions
  A necrophage (D:6)
  7 wights
  Dowan (D:4)
  A hornet simulacrum (D:8)
  3 killer bees (D:10)
  3 electric eels
  2 gnoll boudas
  A jelly (D:8)
  13 orc priests
  A hound (D:4)
  An iron imp (D:14)
  3 iguanas
  Ijyb (D:3)
  6 orc wizards
  3 centaur simulacra (D:8)
  A killer bee simulacrum (D:8)
  3 adders (D:5)
  19 gnolls
  A shadow imp (D:6)
  A howler monkey simulacrum (D:8)
  10 white imps
  2 ufetubi
  3 worms
  4 dart slugs
  60 orcs
  10 ball pythons
  6 bats
  12 endoplasms
  2 giant cockroaches
  8 goblins
  12 hobgoblins
  7 quokkas
  A frilled lizard (D:1)
  21 kobolds
  6 rats
457 creatures vanquished.

Vanquished Creatures (others)
  28 demonic plants
  49 fungi (D:10)
  50 plants
127 creatures vanquished.

Grand Total: 584 creatures vanquished
